 Dungeon Crawl Stone Soup version 0.25-a0-464-g3004169c2b (webtiles) character file.

Game seed: 18330506682525861438, levelgen mode: deterministic

10175 mopl the Grappler (level 11, -6/84 HPs)
             Began as a Minotaur Transmuter on Feb 4, 2020.
             Was the Champion of Cheibriados.
             Mangled by a vampire (7 damage)
             ... on level 11 of the Dungeon.
             The game lasted 00:29:22 (14425 turns).

mopl the Grappler (Minotaur Transmuter)            Turns: 14425, Time: 00:29:22

Health: -6/84      AC:  4    Str: 34    XL:     11   Next: 32%
Magic:  15/17      EV: 19    Int: 28    God:    Cheibriados [******]
Gold:   231        SH:  0    Dex: 25    Spells: 5/20 levels left

rFire    + . .     SeeInvis .     - Unarmed
rCold    + . .     Gourm    .   (shield currently unavailable)
rNeg     . . .     Faith    .   F - +1 robe {rC+ rF+}
rPois    .         Spirit   .   (helmet restricted)
rElec    .         Reflect  .   G - +0 cloak
rCorr    .         Harm     .   (gloves currently unavailable)
MR       .....                  (no boots)
Stlth    +++.......             n - amulet of magic regeneration
HPRegen  0.24/turn              i - ring of wizardry
MPRegen  0.40/turn              U - +3 ring of strength

@: blade hands (expiring), very slow
A: retaliatory headbutt, horns 2
a: End Transformation, Bend Time, Temporal Distortion, Slouch, Step From Time,
Renounce Religion


You were on level 11 of the Dungeon.
You worshipped Cheibriados.
Cheibriados was exalted by your worship.
You were not hungry.
You had blades for hands.
You visited 2 branches of the dungeon, and saw 12 of its levels.
You also visited: Ossuary and Bailey.

You collected 687 gold pieces.
You spent 456 gold pieces at shops.

Inventory:

Hand Weapons
 d - a +3 dagger of venom
 J - the +12 whip of Owod {vorpal, rPois Str+2 Int+3}
   (You found it on level 7 of the Dungeon)

   It inflicts extra damage upon your enemies.
   It affects your strength (+2).
   It affects your intelligence (+3).
   It protects you from poison.
Missiles
 a - 183 arrows
 g - 24 poisoned darts (quivered)
 j - 8 atropa-tipped darts
 p - 67 boomerangs
 R - 4 throwing nets
Armour
 e - a +0 pair of gloves (melded)
 F - a +1 robe of resistance (worn)
 G - a +0 cloak (worn)
Magical Staves
 y - an uncursed staff of conjuration {!a}
Jewellery
 i - a ring of wizardry (left scythe-like blade)
 n - an amulet of magic regeneration (around neck)
 r - an uncursed ring of ice
 T - an uncursed ring of fire
 U - a +3 ring of strength (right scythe-like blade)
Wands
 b - a wand of acid (6)
 u - a wand of paralysis (5)
 w - a wand of iceblast (3)
 K - a wand of enslavement (11)
 O - a wand of disintegration (15)
 Q - a wand of scattershot (10)
 S - a wand of polymorph (12)
Scrolls
 h - 2 scrolls of enchant armour {unknown}
 l - a scroll of amnesia
 o - a scroll of blinking {unknown}
 s - 2 scrolls of teleportation
 x - 6 scrolls of remove curse
 z - a scroll of acquirement {unknown}
 B - 4 scrolls of immolation
 C - a scroll of enchant weapon
 D - 3 scrolls of vulnerability {unknown}
 L - 2 scrolls of torment {unknown}
 P - 2 scrolls of fear
Potions
 k - 5 potions of agility
 m - 5 potions of flight
 q - 10 potions of magic
 t - a potion of invisibility
 v - a potion of brilliance
 A - a potion of mutation {!q}
 H - 3 potions of resistance
 I - 6 potions of curing
 M - 4 potions of might
 N - 2 potions of lignification {!q}
Comestibles
 c - 18 rations


   Skills:
 + Level 4.1 Fighting
 + Level 4.2 Throwing
 + Level 7.0 Dodging
 + Level 2.7 Stealth
 + Level 9.1 Unarmed Combat
 - Level 5.0 Spellcasting
 - Level 1.0 Translocations
 - Level 8.0 Transmutations
 - Level 3.0 Ice Magic
 + Level 5.2 Invocations


You had 5 spell levels left.
You knew the following spells:

 Your Spells              Type           Power        Failure   Level  Hunger
a - Apportation           Tloc           ##....       12%         1    None
b - Spider Form           Tmut/Pois      ####......   12%         3    #......
c - Blade Hands           Tmut           ######....   16%         5    #####..
d - Ice Form              Ice/Tmut       #####...     16%         4    ###....
w - Sticks to Snakes      Tmut           ######..     4%          2    None

Your spell library contained the following spells:

 Spells                   Type           Power        Failure   Level  Hunger
 Beastly Appendage        Tmut           ######       4%          1    None
 Ensorcelled Hibernation  Hex/Ice        ###...       14%         2    None
 Animate Skeleton         Necr           N/A          16%         1    None
 Corona                   Hex            #......      16%         1    None
 Magic Dart               Conj           #...         16%         1    None
 Summon Small Mammal      Summ           #...         16%         1    None
 Searing Ray              Conj           #.....       21%         2    None
 Gell's Gravitas          Tloc           ##........   24%         3    #......
 Petrify                  Tmut/Erth      ####....     24%         4    ###....
 Confusing Touch          Hex            #.......     32%         3    #......
 Dazzling Flash           Conj/Hex       #.....       32%         3    #......
 Tukima's Dance           Hex            #.......     32%         3    #......
 Yara's Violent Unravell  Hex/Tmut       ####......   43%         5    #####..
 Iskenderun's Mystic Bla  Conj/Tloc      #.......     52%         4    ###....
 Fulminant Prism          Conj/Hex       #.........   58%         4    ###....
 Metabolic Englaciation   Hex/Ice        ###.......   69%         5    #####..


Dungeon Overview and Level Annotations

Branches:
Dungeon (11/15)            Temple (1/1) D:5             Orc (0/2) D:10
Ossuary (visited)          Bailey (visited)
   Lair: D:8-11

Altars:
Cheibriados
Gozag
Hepliaklqana
Nemelex Xobeh
Okawaru
Qazlal
Sif Muna
Trog
Uskayaw
Vehumet
Wu Jian
Yredelemnul
Zin
The Shining One

Shops:
D:6 (   D:9 *

Annotations:
D:4 exclusion: statue
D:8 4 runed translucent doors
D:11 3 runed translucent doors, Plog's ghost, journeyman GrFi


Innate Abilities, Weirdness & Mutations

You reflexively headbutt those who attack you in melee.
You have a pair of horns on your head.


Message History

Something barely misses you. x2
You feel much better.
You hear some strange, mumbled words.
You are confused.
You're too confused!
Something hits you!
* * * LOW HITPOINT WARNING * * *
Something barely misses you.
It was a potion of curing.
You feel better.
Your transformation is almost over.
Something hits you!
* * * LOW HITPOINT WARNING * * *
Something bites you!
* * * LOW HITPOINT WARNING * * *
Something draws strength from your injuries!
As you read the scroll labeled VEFUZU KEWAVEQ, it crumbles to dust.
The creatures around you are filled with an inner flame!
It was a scroll of immolation.
Something barely misses you. Something bites you!
You die...

#.# P..P. #.. ...
#.#####...W.####.. ....
#.................
....###+#.................
..........................
................#######...
#..............(# #.##
#...............# #.#.
#........@......# #.#.
#.....###+#.....# #.#.
#.... #.....# #.## ....
#####.##### #... ...
#.....###... ..
#........... .
#..#####.### #..#####.#..
#...........


There were no monsters in sight!

Vanquished Creatures
  Harold (D:10)
  A two-headed ogre (D:10)
  An orc knight (Bailey)
  Maurice (D:8)
  A troll (D:10)
  A hornet (D:11)
  2 hippogriffs
  A wraith (D:11)
  A wyvern (D:7)
  A spriggan (D:8)
  2 hungry ghosts (D:10)
  Menkaure (D:4)
  3 orc warriors
  2 black bears
  2 ogres
  3 necrophages
  2 sky beasts (D:9)
  6 centaurs
  3 ice beasts
  2 phantoms
  A big kobold (D:8)
  4 bullfrogs
  A wyvern zombie (D:10)
  4 water moccasin zombies (Ossuary)
  A water moccasin skeleton (D:3)
  5 scorpions
  4 killer bees (D:10)
  38 wights
  A howler monkey (D:7)
  A bullfrog zombie (D:6)
  A lava snake (D:9)
  A crimson imp (D:6)
  A centaur zombie (D:4)
  5 hounds
  3 orc priests
  A jelly (D:7)
  A centaur skeleton (D:4)
  12 orc wizards
  4 bullfrog skeletons
  Terence (D:2)
  3 iguanas
  Natasha (thrice) (D:4)
  8 worker ants
  3 big kobold zombies (Ossuary)
  A hound zombie (D:3)
  3 hound skeletons
  2 mummies (Ossuary)
  2 worker ant zombies
  20 gnolls
  13 adders
  2 shadow imps
  3 oozes
  7 adder zombies (Ossuary)
  An adder skeleton (D:4)
  6 worms
  3 dart slugs
  9 leopard geckos
  21 orcs
  A ball python (D:3)
  4 giant cockroaches
  16 goblins
  24 hobgoblins
  16 jackals
  20 kobolds
  11 quokkas
  9 bats
  12 frilled lizards
  6 gnoll zombies (Ossuary)
  A goblin zombie (D:8)
  3 hobgoblin zombies (Ossuary)
  A jackal zombie (D:6)
  6 kobold zombies (Ossuary)
  2 orc zombies (Ossuary)
  11 rats
380 creatures vanquished.

Vanquished Creatures (collateral kills)
  2 gnolls (Bailey)
  A kobold (Bailey)
3 creatures vanquished.

Grand Total: 383 creatures vanquished

Notes
Turn   | Place    | Note
-------+----------+-------------------------------------------
     0 | D:1      | mopl the Minotaur Transmuter began the quest for the Orb.
     0 | D:1      | Reached XP level 1. HP: 16/16 MP: 1/1
   158 | D:1      | Reached skill level 2 in Transmutations
   158 | D:1      | Reached XP level 2. HP: 15/23 MP: 3/3
   162 | D:1      | Learned a level 2 spell: Sticks to Snakes
   392 | D:1      | Reached XP level 3. HP: 22/28 MP: 4/4
   530 | D:1      | Reached skill level 2 in Spellcasting
   908 | D:2      | Learned a level 3 spell: Spider Form
   927 | D:2      | Noticed Terence
   938 | D:2      | Killed Terence
   938 | D:2      | Reached XP level 4. HP: 29/35 MP: 6/6
  1050 | D:2      | Found an iron altar of Okawaru.
  1141 | D:2      | Reached skill level 4 in Unarmed Combat
  1408 | D:2      | Reached XP level 5. HP: 22/40 MP: 7/7
  1448 | D:2      | Reached skill level 3 in Transmutations
  2885 | D:3      | Reached skill level 3 in Spellcasting
  2885 | D:3      | Reached XP level 6. HP: 47/47 MP: 9/9
  2891 | D:3      | Learned a level 4 spell: Ice Form
  3048 | D:4      | Found a bloodstained altar of Trog.
  3443 | D:4      | Noticed Natasha
  3448 | D:4      | Killed Natasha
  3539 | D:4      | Reached skill level 4 in Transmutations
  3539 | D:4      | Reached skill level 1 in Ice Magic
  3556 | D:4      | Reached XP level 7. HP: 19/52 MP: 10/10
  3579 | D:4      | Noticed Menkaure
  3677 | D:4      | Noticed Natasha
  3690 | D:4      | Killed Natasha
  4085 | D:4      | Found a radiant altar of Vehumet.
  4125 | D:4      | Killed Menkaure
  4125 | D:4      | Reached skill level 5 in Unarmed Combat
  4518 | D:4      | Noticed Natasha
  4526 | D:4      | Killed Natasha
  5386 | D:5      | Entered Level 5 of the Dungeon
  5685 | D:4      | Found a bloodstained altar of Trog.
  5832 | D:4      | Reached skill level 5 in Transmutations
  5832 | D:4      | Reached skill level 2 in Ice Magic
  5832 | D:4      | Reached XP level 8. HP: 59/59 MP: 12/12
  5928 | D:4      | Found a radiant altar of Vehumet.
  6530 | D:5      | Reached skill level 6 in Unarmed Combat
  6553 | D:5      | Reached skill level 4 in Spellcasting
  6585 | D:5      | Learned a level 5 spell: Blade Hands
  6682 | D:5      | Found a staircase to the Ecumenical Temple.
  6699 | Temple   | Entered the Ecumenical Temple
  6713 | Temple   | Became a worshipper of Cheibriados the Contemplative
  7180 | D:5      | Found a stormy altar of Qazlal.
  7299 | D:6      | Reached skill level 6 in Transmutations
  7350 | D:6      | Reached * piety under Cheibriados
  7350 | D:6      | Reached skill level 3 in Dodging
  7350 | D:6      | Reached skill level 3 in Ice Magic
  7410 | D:6      | Reached XP level 9. HP: 31/63 MP: 11/14
  7752 | D:6      | Learned a level 1 spell: Apportation
  7819 | D:6      | Found Qetraz's Antique Weapon Shoppe.
  8287 | D:7      | Reached skill level 7 in Unarmed Combat
  8305 | D:7      | Reached skill level 4 in Dodging
  8305 | D:7      | Reached skill level 1 in Invocations
  8307 | D:7      | Reached ** piety under Cheibriados
  8360 | D:7      | Reached skill level 1 in Translocations
  8360 | D:7      | Reached skill level 7 in Transmutations
  8364 | D:7      | Got a crystal whip
  8781 | D:7      | Identified the +12 whip of Owod {vorpal, rPois Str+2 Int+3}
                  | (You found it on level 7 of the Dungeon)
  9114 | D:7      | Reached skill level 2 in Invocations
  9145 | D:7      | HP: 2/63 [wyvern (17)]
  9618 | D:8      | Found a huge runed translucent gate.
  9619 | D:8      | Found a huge runed translucent gate.
  9620 | D:8      | Found a huge runed translucent gate.
  9620 | D:8      | Noticed a polar bear
  9620 | D:8      | Noticed a polar bear
  9621 | D:8      | Noticed a polar bear
  9621 | D:8      | Noticed a manticore
  9621 | D:8      | Noticed a polar bear
  9649 | D:8      | Found a sand-covered staircase.
  9656 | Ossuary  | Entered an ossuary
  9669 | Ossuary  | Reached *** piety under Cheibriados
  9798 | D:8      | Reached **** piety under Cheibriados
  9846 | D:8      | Found a flagged portal.
  9853 | D:8      | Got a twisted hand axe
  9860 | Bailey   | Entered a bailey
 10072 | Bailey   | Noticed an orc knight
 10415 | Bailey   | Killed an orc knight
 10415 | Bailey   | Reached skill level 5 in Dodging
 10415 | Bailey   | Reached XP level 10. HP: 70/70 MP: 2/15
 10753 | D:8      | Identified the +9 hand axe of Beogh's Esteem {freeze, Str-2
                  | Dex+6} (You found it on level 8 of the Dungeon)
 10783 | D:8      | Reached skill level 1 in Throwing
 10800 | D:8      | Reached skill level 3 in Invocations
 10840 | D:8      | Noticed Maurice
 10892 | D:8      | Killed Maurice
 10918 | D:8      | Found an opulent altar of Gozag.
 10921 | D:8      | Found a hazy altar of Hepliaklqana.
 10935 | D:8      | Found a sparkling altar of Nemelex Xobeh.
 10938 | D:8      | Found a basalt altar of Yredelemnul.
 10942 | D:8      | Reached ***** piety under Cheibriados
 10943 | D:8      | Reached skill level 8 in Unarmed Combat
 11002 | D:8      | Reached skill level 8 in Transmutations
 11078 | D:8      | Found a huge runed translucent gate.
 11520 | D:9      | Reached skill level 2 in Throwing
 11715 | D:9      | Got a twisted leather armour
 11726 | D:9      | Identified the cursed +1 leather armour of Duck's Teeth
                  | {*Contam Int+6} (You found it on level 9 of the Dungeon)
 11945 | D:9      | Reached skill level 5 in Spellcasting
 11961 | D:9      | Reached skill level 4 in Invocations
 12055 | D:9      | Reached skill level 6 in Dodging
 12078 | D:9      | Reached skill level 2 in Fighting
 12276 | D:9      | Reached skill level 3 in Throwing
 12441 | D:9      | Reached skill level 1 in Stealth
 12540 | D:9      | Found Ruweos's Assorted Antiques.
 12543 | D:9      | Bought a scroll labeled GAPULILEPI for 27 gold pieces
 12543 | D:9      | Bought a viscous inky potion for 24 gold pieces
 12543 | D:9      | Bought a scroll labeled QUQIRU KOGIU for 27 gold pieces
 12543 | D:9      | Bought a long lead wand for 108 gold pieces
 12543 | D:9      | Bought a runed ruby ring for 135 gold pieces
 12543 | D:9      | Bought a glass ring for 135 gold pieces
 13171 | D:10     | Entered Level 10 of the Dungeon
 13200 | D:10     | Reached skill level 3 in Fighting
 13534 | D:10     | Reached XP level 11. HP: 71/81 MP: 12/17
 13816 | D:10     | Noticed a two-headed ogre
 13825 | D:10     | Killed a two-headed ogre
 13825 | D:10     | Reached skill level 2 in Stealth
 13867 | D:10     | Noticed Harold
 13904 | D:10     | Killed Harold
 13904 | D:10     | Reached skill level 4 in Throwing
 13904 | D:10     | Reached skill level 9 in Unarmed Combat
 13904 | D:10     | Reached skill level 5 in Invocations
 14065 | D:10     | Reached ****** piety under Cheibriados
 14065 | D:10     | Reached skill level 4 in Fighting
 14144 | D:10     | Found a staircase to the Orcish Mines.
 14321 | D:11     | Found a runed translucent gate.
 14322 | D:11     | Found a runed translucent gate.
 14322 | D:11     | Noticed an ice dragon
 14323 | D:11     | Found a runed translucent gate.
 14323 | D:11     | Noticed Plog's ghost (journeyman GrFi)
 14328 | D:11     | Paralysed by a hornet for 1 turns
 14330 | D:11     | Reached skill level 7 in Dodging
 14421 | D:11     | HP: 4/83 [something (15)]
 14424 | D:11     | HP: 1/84 [something (7)]
 14425 | D:11     | Mangled by a vampire

Levels and vault maps discovered:
D:1:      sevenhm_arrival_forest_fort_small_4, layout_loops_corners,
          minmay_tromino_v7
D:2:      minmay_razor_zed, layout_basic, overflow_temple_1_default,
          minmay_fountain_box, minmay_misc_feat_cross, uniq_terence
D:3:      layout_loops_corners
D:4:      layout_loops_ring, bloody_trog, vehumet_statue, first_ration,
          serial_bayou_pond_e, uniq_natasha, uniq_menkaure
D:5:      layout_cave_pools, nicolae_qazlal_eye_of_the_storm,
          minmay_temple_entry_offerings
D:6:      layout_loops_ring, serial_shops, shop
D:7:      layout_basic
D:8:      lemuel_bear_cage, layout_loops_ring, grunt_temple_overflow_cloverleaf,
          enter_bailey_2, enter_ossuary_4, grunt_pizzeria, uniq_maurice
D:9:      layout_basic, serial_shops, kennysheep_mini_moat,
          kennysheep_cluttered_room
D:10:     layout_stronghold, orc_0_dummy, uniq_harold
D:11:     minmay_cornered_nines, layout_irregular_city, david_lair_shrubbed,
          gammafunk_ghost_split, elves_outpost_lemuel, uniq_josephine
Temple:   eino_temple_water

Skill      XL: |  1  2  3  4  5  6  7  8  9 10 11 |
---------------+----------------------------------+-----
Transmutations | 2 3 4 5 6 7 8 |  8.0
Spellcasting   | 2 3 4 5 |  5.0
Unarmed Combat | 4 5 6 7 8 9 |  9.1
Ice Magic      | 1 2 3 |  3.0
Dodging        | 3 5 6 7 |  7.0
Invocations    | 2 4 5 |  5.2
Translocations | 1 |  1.0
Throwing       | 3 4 |  4.2
Fighting       | 3 4 |  4.1
Stealth        | 1 2 |  2.7

Action                   |  1- 3 |  4- 6 |  7- 9 | 10-12 || total
-------------------------+-------+-------+-------+-------++-------
Melee: Dagger            |    57 |   213 |   216 |       ||   486
       Unarmed           |     5 |       |   170 |   197 ||   372
       Punch             |     1 |     3 |     9 |    11 ||    24
       Kick              |     1 |       |       |       ||     1
       Headbutt          |     9 |    37 |    60 |    55 ||   161
       Halberd           |       |       |     3 |       ||     3
Throw: Boomerang         |       |       |    17 |       ||    17
       Dart              |       |       |    11 |     6 ||    17
 Cast: Beastly Appendage |     2 |     1 |       |       ||     3
       Spider Form       |       |       |     9 |       ||     9
       Ice Form          |       |       |     7 |     1 ||     8
       Blade Hands       |       |       |    15 |    19 ||    34
       Sticks to Snakes  |       |       |    12 |     2 ||    14
Invok: Slouch            |       |       |     1 |       ||     1
 Abil: End Transformatio |       |       |     2 |     1 ||     3
Evoke: Wand              |       |       |     1 |       ||     1
  Use: Scroll            |       |     8 |    11 |     7 ||    26
       Potion            |       |     1 |       |     3 ||     4
 Stab: Sleeping          |       |     3 |     3 |     6 ||    12
  Eat: Chunk             |       |     9 |    21 |     6 ||    36
       Ration            |       |       |     1 |     2 ||     3
Armor: Robe              |     9 |    40 |    41 |    26 ||   116
       Skin              |       |       |    11 |     4 ||    15
Dodge: Dodged            |    36 |   146 |   289 |   164 ||   635

Table legend:
 A = Non-vault XP
 B = Vault XP
 C = Vault XP percentage of total XP
 D = Non-vault monster count
 E = Vault monster count
 F = Vault count percentage of total count
                 A         B        C        D         E       F
            +---------+---------+-------+---------+---------+-------
      Total |   11308 |    3229 |  22.2 |     293 |      90 |  23.5
            +---------+---------+-------+---------+---------+-------
        D:1 |      66 |       4 |   5.7 |      29 |       3 |   9.4
        D:2 |     100 |      62 |  38.3 |      33 |      13 |  28.3
        D:3 |     159 |       0 |   0.0 |      27 |       0 |   0.0
        D:4 |     739 |     200 |  21.3 |      34 |       2 |   5.6
        D:5 |     912 |       0 |   0.0 |      17 |       0 |   0.0
        D:6 |    1130 |       0 |   0.0 |      35 |       0 |   0.0
        D:7 |    1315 |       0 |   0.0 |      27 |       0 |   0.0
        D:8 |     915 |     655 |  41.7 |      22 |       3 |  12.0
        D:9 |    2836 |       0 |   0.0 |      45 |       0 |   0.0
       D:10 |    2827 |    1002 |  26.2 |      22 |       1 |   4.3
       D:11 |     309 |     220 |  41.6 |       2 |       1 |  33.3
    Ossuary |       0 |     499 | 100.0 |       0 |      33 | 100.0
     Bailey |       0 |     587 | 100.0 |       0 |      34 | 100.0
            +---------+---------+-------+---------+---------+-------
